 Dungeon Crawl Stone Soup version 0.29-a0-490-g77b3608bb8 (webtiles) character file.

Game seed: 14480591974939551376

119 dolemite99 the Chopper (level 5, -4/45 HPs)
             Began as a Hill Orc Fighter on May 27, 2022.
             Was a Believer of Makhleb.
             Blown up by Ijyb (15 damage)
             ... with a mindburst bolt
             ... on level 3 of the Dungeon.
             The game lasted 00:02:18 (2600 turns).

dolemite99 the Chopper (Hill Orc Fighter)           Turns: 2600, Time: 00:02:19

Health: -4/45      AC:  9    Str: 21    XL:     5   Next: 3%
Magic:  5/5        EV:  9    Int:  8    God:    Makhleb [**....]
Gold:   95         SH:  4    Dex: 10    Spells: 4/4 levels left

rFire   . . .      SeeInvis .   a - +0 war axe
rCold   . . .      Faith    .   c - +0 buckler
rNeg    . . .      Spirit   .   b - +0 scale mail
rPois   .          Reflect  .   j - +0 helmet
rElec   .          Harm     .   (no cloak)
rCorr   .          Rampage  .   (no gloves)
Will    .....                   o - +0 pair of boots
Stlth   ..........              (no amulet)
HPRegen 0.15/turn               (no ring)
MPRegen 0.09/turn               (no ring)

@: mighty, lethally poisoned (-4 -> -14), hasted, very quick
A: no striking features
a: Renounce Religion, Minor Destruction


You were on level 3 of the Dungeon.
You worshipped Makhleb.
Makhleb was pleased with you.
You visited 1 branch of the dungeon, and saw 3 of its levels.

You collected 95 gold pieces.

Inventory:

Hand Weapons
 a - a +0 war axe (weapon)
 p - a +0 arbalest
Missiles
 e - 83 stones (quivered)
 h - 13 poisoned darts
Armour
 b - a +0 scale mail (worn)
 c - a +0 buckler (worn)
 j - a +0 helmet (worn)
 o - a +0 pair of boots (worn)
Scrolls
 f - a scroll of magic mapping {unknown}
 k - a scroll of fog {unknown}
 m - a scroll of silence {unknown}
Potions
 g - a potion of curing
 i - a potion of haste
 l - a potion of lignification {unknown}
 n - a potion of resistance {unknown}


   Skills:
 - Level 3.6 Fighting
 * Level 6.6 Axes
 - Level 3.2 Armour
 - Level 3.2 Shields
 + Level 0.7 Invocations


You had 4 spell levels left.
You didn't know any spells.
Your spell library was empty.

Dungeon Overview and Level Annotations

Branches:
Dungeon (3/15)

Altars:
Makhleb

Annotations:
D:3 Ijyb, Jessica


Message History

Jessica blinks!
Jessica casts a spell at you. Pain shoots through your body!
Jessica shouts, "You're disturbing me!
I'll have to kill you!"
Jessica casts a spell.
Jessica blinks!
You closely miss the adder. The adder closely misses you.
Jessica casts a spell.
Jessica blinks!
The adder barely misses you.
You miss the adder. Jessica casts a spell at you.
You barely resist. The adder barely misses you.
You hit the adder.
The adder is heavily wounded.
You hit Jessica. The adder barely misses you.
Jessica points at you and mumbles some strange words.
Pain shoots through your body! The adder closely misses you.
Jessica looks very angry.
Jessica hits you with a +2 dagger of venom.
* * * LOW HITPOINT WARNING * * *
You are lethally poisoned!
You barely miss Jessica.
Jessica is moderately wounded.
You slash the adder!
You kill the adder!
Makhleb accepts your kill.
You feel better.
* * * LOW HITPOINT WARNING * * *
You feel very sick. Jessica barely misses you. You block Jessica's attack.
You have reached level 5!
You feel stronger.
It was a potion of curing.
You feel better. Jessica barely misses you. Ijyb hits you with a +0 club.
* * * LOW HITPOINT WARNING * * *
It was a potion of haste.
You feel yourself speed up.
Jessica is no longer moving quickly.
Jessica hits you but does no damage.
You are poisoned.
Ijyb zaps a wand.
Your mind is blasted!
You die...

#.#..#.#
#.#..#.#########
#............# #.#
#.##.######.## #.#
#....#......# #.#
.######.###..# #.#
........# #..#
#.#.#####....###..##
#.#..@@g.......#...#
#.########...#.##.##
#...g..†.......##.#
#.########..#..##.#
#........#..#####.#
#...........# ###
###########.######.##.#
....@.....@>..........#
#........#.#######.####


You could see Ijyb and Jessica.

Vanquished Creatures
  Robin (D:2)
  4 adders
  A worm (D:3)
  A dart slug (D:1)
  4 ball pythons
  3 endoplasms
  2 giant cockroaches (D:1)
  16 goblins
  9 hobgoblins
  5 kobolds
  4 quokkas (D:1)
  8 bats
  3 frilled lizards
  2 rats (D:2)
63 creatures vanquished.

Vanquished Creatures (others)
  4 plants (D:3)
4 creatures vanquished.

Grand Total: 67 creatures vanquished

Notes
Turn   | Place    | Note
-------+----------+-------------------------------------------
     0 | D:1      | dolemite99 the Hill Orc Fighter began the quest for the
                  | Orb.
     0 | D:1      | Reached XP level 1. HP: 19/19 MP: 1/1
    19 | D:1      | Reached skill level 3 in Axes
   156 | D:1      | Reached XP level 2. HP: 25/26 MP: 2/2
   271 | D:1      | Reached skill level 4 in Axes
   614 | D:1      | Reached XP level 3. HP: 31/31 MP: 3/3
   942 | D:2      | Found a faded altar of an unknown god.
   948 | D:2      | Prayed at the altar of an unknown god.
   948 | D:2      | Became a worshipper of Makhleb the Destroyer
   948 | D:2      | Reached * piety under Makhleb
   975 | D:2      | Reached skill level 5 in Axes
  1454 | D:2      | Noticed Robin
  1457 | D:2      | Reached XP level 4. HP: 24/39 MP: 4/4
  1465 | D:2      | Killed Robin
  1466 | D:2      | Reached ** piety under Makhleb
  1627 | D:2      | Reached skill level 6 in Axes
  2566 | D:3      | Noticed Jessica
  2566 | D:3      | Noticed Ijyb
  2599 | D:3      | Reached XP level 5. HP: 10/45 MP: 5/5
  2600 | D:3      | Blown up by Ijyb

Illustrated notes

Levels and vault maps discovered:
D:1:      eino_arrival_water_star, layout_basic
D:2:      layout_basic, nicolae_ecumenical_pavilion, uniq_robin
D:3:      wad_lake_hut, layout_basic, serial_bayou_lake_a, uniq_ijyb,
          uniq_jessica

Skill      XL: |  1  2  3  4 |
---------------+-------------+-----
Axes           | 3 4 5 6 |  6.6
Fighting       | |  3.6
Armour         | |  3.2
Shields        | |  3.2
Invocations    | |  0.7

Action                   |  1- 3 |  4- 6 || total
-------------------------+-------+-------++-------
Melee: War axe           |   112 |    44 ||   156
Throw: Stone             |    37 |    17 ||    54
  Use: Potion            |       |     4 ||     4
Armor: Scale mail        |    60 |    21 ||    81
Dodge: Dodged            |    69 |    21 ||    90
Block: Buckler           |    30 |    10 ||    40

Table legend: (Time is in decaauts)
 A = Elapsed time spent in this place.
 B = Non-inter-level travel time spent in this place.
 C = Inter-level travel time spent in this place.
 D = Time resting spent in this place.
 E = Time spent auto-exploring this place.
 F = Levels seen in this place.
 G = Mean time per level.
                   A        B        C        D        E       F      G
               +--------+--------+--------+--------+--------+-----+--------+
         Total |   2654 |   2630 |     24 |    385 |   1671 |   3 |  884.7 |
       Dungeon |   2654 |   2630 |     24 |    385 |   1671 |   3 |  884.7 |
               +--------+--------+--------+--------+--------+-----+--------+

Top non-repeatable levels by time:
     D:2: 1399 daAuts
     D:1: 970 daAuts
     D:3: 285 daAuts
